 Dungeon Crawl Stone Soup version 0.31-a0-339-gda1cbd555d (webtiles) character file.

Game seed: 6677260095509657875

84 Graywind the Grasshopper (level 4, -11/27 HPs)
             Began as a Tengu Warper on July 20, 2023.
             Was a Follower of Okawaru.
             Mangled by a gnoll
             ... wielding a +0 halberd
              (14 damage)
             ... on level 3 of the Dungeon.
             The game lasted 00:11:51 (1112 turns).

Graywind the Grasshopper (Tengu Warper)             Turns: 1112, Time: 00:11:52

Health: -11/27     AC:  4    Str: 11    XL:     4   Next: 45%
Magic:  1/8        EV: 12    Int: 13    God:    Okawaru [*.....]
Gold:   109        SH:  0    Dex: 16    Spells: 4/7 levels left

rFire   . . .        b - +0 sling
rCold   . . .        (no shield)
rNeg    . . .        e - +1 leather armour
rPois   .            (helmet restricted)
rElec   .            (no cloak)
rCorr   .            (no gloves)
SInv    .            (boots unavailable)
Will    .....        (no amulet)
Stlth   +            (no ring)
HPRegen 0.24/turn    (no ring)
MPRegen 0.11/turn

%: no passive effects
@: on blink cooldown
A: beak, talons 3
a: Renounce Religion, Heroism


You were on level 3 of the Dungeon.
You worshipped Okawaru.
Okawaru was aware of your devotion.
You visited 1 branch of the dungeon, and saw 3 of its levels.

You collected 109 gold pieces.

Inventory:

Hand Weapons
 a - a +0 dagger of venom
 b - a +0 sling (weapon)
Armour
 e - a +1 leather armour (worn)
Scrolls
 c - a scroll of blinking
Potions
 g - a potion of cancellation


   Skills:
 + Level 2.3 Fighting
 + Level 1.4(2.2) Short Blades
 + Level 2.6(2.8) Long Blades
 + Level 0.8 Axes
 + Level 1.1 Throwing
 + Level 1.6 Armour
 + Level 2.5 Dodging
 + Level 0.6 Stealth
 + Level 2.1 Spellcasting
 + Level 2.8 Translocations


You had 4 spell levels left.
You knew the following spells:

 Your Spells              Type           Power      Damage    Failure   Level
a - Blink                 Tloc           16%        N/A       16%         2
b - Freeze                Ice            4%         1d3       32%         1

Your spell library contained the following spells:

 Spells                   Type           Power      Damage    Failure   Level
 Lesser Beckoning         Tloc           16%        N/A       16%         2
 Teleport Other           Tloc           8%         N/A       30%         3
 Vhi's Electric Charge    Tloc/Air       10%        N/A       50%         3
 Frozen Ramparts          Ice            2%         1d1       69%         3
 Hailstorm                Conj/Ice       1%         3d3       69%         3
 Manifold Assault         Tloc           8%         N/A       69%         4
 Anguish                  Hex/Necr       0%         N/A       97%         4
 Cause Fear               Hex            0%         N/A       97%         4
 Dispersal                Tloc           4%         N/A       100%        6
 Enfeeble                 Hex            0%         N/A       100%        7
 Disjunction              Tloc           4%         N/A       100%        8


Dungeon Overview and Level Annotations

Branches:
Dungeon (3/15)

Altars:
Okawaru


Innate Abilities, Weirdness & Mutations

You have a beak for a mouth.
You have claws for feet.


Message History

The adder is moderately wounded.
The adder barely misses you. The orc closely misses you.
The gnoll hits you from afar with a +0 halberd!
The adder bites you. The adder attacks as you move away!
The adder barely misses you.
There is a large open translucent door here.
Casting: Freeze (safe; 32% risk of failure)
Confirm with . or Enter, or press ? or * to list all spells.
You blink.
The adder closely misses you.
Your magical contamination has completely faded away.
The gnoll hits you from afar with a +0 halberd.
* * * LOW HITPOINT WARNING * * *
The adder misses you.
The orc hits you from afar with a +0 trident.
* * * LOW HITPOINT WARNING * * *
The gnoll barely misses you.
You open the door. The adder bites you but does no damage.
The orc closely misses you. The gnoll closely misses you.
The adder bites you but does no damage. The adder attacks as you move away!
The adder barely misses you.
You feel stable enough to blink again.
There is an open door here.
The adder attacks as you move away! The adder bites you.
* * * LOW HITPOINT WARNING * * *
The adder bites you but does no damage. The adder attacks as you move away!
The adder barely misses you. The adder closely misses you.
The adder attacks as you move away! The adder closely misses you.
The adder misses you.
Casting: Blink (safe; 16% risk of failure)
Confirm with . or Enter, or press ? or * to list all spells.
You blink.
The adder bites you.
* * * LOW HITPOINT WARNING * * *
The adder barely misses you.
You see here a quokka corpse.
The gnoll hits you from afar with a +0 halberd!
Ouch! That really hurt!
You die...

#..........# #
#...†......# #.
#..........# #.
##........##
.###.######.......##
................#####
##......#####.....###
###....# ##.###...#
#@...# #..# ###<.
#†.g.####.#######.
#.S..oo...o....##.
#....######....##.
###.## #...?... #.#
#8'8.###
#######.#?######o#.#
#...†...#...)o'.o#.###
#.#####.#.....'..#§.§.


You could see a gnoll, an adder and 2 orcs.

Vanquished Creatures
  A hound (D:3)
  An adder (D:3)
  An orc (D:3)
  4 ball pythons
  2 bats
  5 endoplasms
  A giant cockroach (D:3)
  4 hobgoblins
  A jackal (D:1)
  5 kobolds
  2 quokkas
  5 frilled lizards
  5 goblins
  3 rats
40 creatures vanquished.

Notes
Turn   | Place    | Note
-------+----------+-------------------------------------------
     0 | D:1      | Graywind the Tengu Warper began the quest for the Orb.
     0 | D:1      | Reached XP level 1. HP: 12/12 MP: 4/4
   137 | D:1      | Reached XP level 2. HP: 12/17 MP: 6/6
   188 | D:1      | Learned a level 2 spell: Blink
   194 | D:1      | Learned a level 1 spell: Freeze
   231 | D:1      | Found a faded altar of an unknown god.
   246 | D:1      | Prayed at the altar of an unknown god.
   246 | D:1      | Became a worshipper of Warmaster Okawaru
   246 | D:1      | Reached * piety under Okawaru
   390 | D:2      | Reached XP level 3. HP: 21/21 MP: 7/7
   982 | D:3      | Reached skill level 1 in Short Blades
   982 | D:3      | Reached XP level 4. HP: 12/26 MP: 8/8
  1072 | D:3      | Found a large runed translucent door.
  1072 | D:3      | Found a large runed translucent door.
  1100 | D:3      | HP: 1/27 [adder (3)]
  1112 | D:3      | Mangled by a gnoll

Illustrated notes

Levels and vault maps discovered:
D:1:      dpeg_arrival_three_bigger_balls, layout_rooms,
          ebering_ecumenical_altar_rust, minmay_small_reverse_x
D:2:      layout_loops_ring, roderic_serpentine_path, serial_park_tiny_pond
D:3:      layout_rooms, jmf_multi_god_temple2, dk_vineyard_2

Skill      XL: |  1  2  3 |
---------------+----------+-----
Short Blades   | 1 |  1.4
Fighting       | |  2.3
Long Blades    | |  2.6
Axes           | |  0.8
Throwing       | |  1.1
Armour         | |  1.6
Dodging        | |  2.5
Stealth        | |  0.6
Spellcasting   | |  2.1
Translocations | |  2.8

Action                     |  1- 3 |  4- 6 || total
---------------------------+-------+-------++-------
  Melee: Dagger            |    58 |    12 ||    70
         Battleaxe         |     4 |       ||     4
         Peck              |     9 |     1 ||    10
         Kick              |    14 |     4 ||    18
   Fire: Sling             |       |     2 ||     2
  Throw: Boomerang         |     6 |     1 ||     7
   Cast: Blink             |     1 |     2 ||     3
         Freeze            |     1 |     3 ||     4
    Use: Scroll            |     4 |     2 ||     6
         Potion            |     6 |       ||     6
   Stab: Sleeping          |     3 |       ||     3
 Armour: Leather armour    |    14 |    12 ||    26
  Dodge: Dodged            |    42 |    25 ||    67

Table legend: (Time is in decaauts)
 A = Elapsed time spent in this place.
 B = Non-inter-level travel time spent in this place.
 C = Inter-level travel time spent in this place.
 D = Time resting spent in this place.
 E = Time spent auto-exploring this place.
 F = Levels seen in this place.
 G = Mean time per level.
                   A        B        C        D        E       F      G
               +--------+--------+--------+--------+--------+-----+--------+
         Total |   1111 |   1111 |      0 |     46 |      0 |   3 |  370.3 |
       Dungeon |   1111 |   1111 |      0 |     46 |      0 |   3 |  370.3 |
               +--------+--------+--------+--------+--------+-----+--------+

Top non-repeatable levels by time:
     D:2: 494 daAuts
     D:1: 339 daAuts
     D:3: 277 daAuts
